[Event "Titled Tuesday Blitz July 11 Early 2023"]
[White "Aslanov, Umid"]
[Black "whiteglovethief"]
[WhiteFideId "13412620"]
[WhiteElo "2657"]
[BlackElo "2419"]
[Result "1-0"]
[Round "2"]
[TimeControl "180+2"]
[Date "2023.07.11"]
[WhiteClock "0:00:51"]
[BlackClock "0:00:00"]
[Board "82"]

1. e4 d5 2. exd5 Qxd5 3. Nc3 Qa5 4. d4 Nf6 5. Nf3 Bg4 6. h3 Bxf3 7. Qxf3 c6 8. Bd2 e6 9. Bc4 Bb4 10. a3 Nd5 11. Bxd5 cxd5 12. O-O Bxc3 13. Bxc3 Qc7 14. Rfe1 O-O 15. Re3 Nd7 16. Rae1 a5 17. Qg4 Nf6 18. Qe2 Ne4 19. Rxe4 dxe4 20. Qxe4 Rfd8 21. Re3 Rd5 22. Rg3 g6 23. Bd2 Rc8 24. c4 Qxc4 25. Rc3 a4 26. Rxc4 Rxc4 27. Be3 b5 28. h4 h5 29. g4 b4 30. Qd3 bxa3 31. bxa3 Rc8 32. Qa6 Rcd8 33. Qxa4 hxg4 34. Qb4 Rh5 35. Qe7 Rdd5 36. Bg5 Rf5 37. Bf6 Rxf6 38. Qxf6 Rd5 39. a4 Kh7 40. Kg2 Rf5 41. Qe7 1-0


[Site "https://www.chess.com"]

[Event "Titled Tuesday Blitz July 11 Early 2023"]
[White "a-z30"]
[Black "Bobkov, Vadim"]
[BlackFideId "34110876"]
[WhiteElo "2391"]
[BlackElo "2654"]
[Result "0-1"]
[Round "2"]
[TimeControl "180+2"]
[Date "2023.07.11"]
[WhiteClock "0:00:00"]
[BlackClock "0:00:01"]
[Board "83"]

1. d3 Nf6 2. Nf3 g6 3. g3 Bg7 4. Bg2 O-O 5. O-O d6 6. c4 c6 7. Nc3 Qa5 8. Rb1 Qh5 9. Bg5 Bh3 10. Bxf6 Bxf6 11. Ne4 Bg7 12. b4 Nd7 13. b5 c5 14. Bxh3 Qxh3 15. e3 Ne5 16. Nxe5 Bxe5 17. f4 Bg7 18. Qf3 a6 19. bxa6 Rxa6 20. Rxb7 Rxa2 21. Nf2 Qe6 22. Rfb1 h5 23. Qe4 Qf6 24. Rxe7 Qc3 25. Re8 Qd2 26. Rxf8+ Bxf8 27. Rf1 Qe2 28. Kg2 h4 29. gxh4 Qg4+ 30. Kh1 Qxh4 31. Qf3 Bg7 0-1


[Site "https://www.chess.com"]

[Event "Titled Tuesday Blitz July 11 Early 2023"]
[White "Rakitic2010"]
[Black "Komov, Roman"]
[BlackFideId "24175714"]
[WhiteElo "2380"]
[BlackElo "2654"]
[Result "0-1"]
[Round "2"]
[TimeControl "180+2"]
[Date "2023.07.11"]
[WhiteClock "0:00:16"]
[BlackClock "0:00:09"]
[Board "84"]

1. e4 c5 2. Nf3 d6 3. d4 cxd4 4. Nxd4 Nf6 5. Nc3 Nc6 6. f3 e5 7. Nb3 Be6 8. Be3 Be7 9. Qd2 O-O 10. Bb5 a6 11. Be2 b5 12. Nd5 Rb8 13. O-O-O Bxd5 14. exd5 Nd4 15. Bxd4 exd4 16. Nxd4 Qd7 17. Bd3 b4 18. Rhe1 Bd8 19. Nc6 Rb6 20. Bc4 h6 21. g4 Nxg4 22. Nxd8 Ne5 23. Rxe5 dxe5 24. Nc6 Qc7 25. Rg1 Kh8 26. Re1 f6 27. f4 exf4 28. Qd4 f3 29. Ne7 f5 30. Re6 Rxe6 31. dxe6 Kh7 32. Nd5 Qxh2 33. e7 Re8 34. Qd3 Qg1+ 35. Qf1 Qd4 36. Bb3 f2 37. Bc4 Rc8 38. Qd3 Qxc4 39. Qxf5+ Kg8 40. Qe6+ Kh8 41. e8=Q+ Rxe8 42. Qxe8+ Kh7 43. Ne3 f1=Q+ 44. Nxf1 Qxf1+ 45. Kd2 Qf4+ 46. Kd3 Qf5+ 47. Qe4 Kg6 48. c4 bxc3 49. bxc3 Qxe4+ 50. Kxe4 Kf6 51. Kd5 Ke7 52. Kc6 h5 53. c4 h4 54. c5 h3 55. Kb6 h2 56. c6 h1=Q 57. c7 Qb1+ 58. Ka7 Qc2 59. Kb8 Kd7 0-1


[Site "https://www.chess.com"]

[Event "Titled Tuesday Blitz July 11 Early 2023"]
[White "Kantans, Toms"]
[Black "Molina Carretero, Daniel"]
[WhiteFideId "11602945"]
[BlackFideId "32071914"]
[WhiteElo "2654"]
[BlackElo "2379"]
[Result "1-0"]
[Round "2"]
[TimeControl "180+2"]
[Date "2023.07.11"]
[WhiteClock "0:00:05"]
[BlackClock "0:00:00"]
[Board "85"]

1. e4 c5 2. Nf3 d6 3. Bb5+ Bd7 4. a4 Nf6 5. Qe2 a6 6. Bxd7+ Qxd7 7. e5 dxe5 8. Nxe5 Qc7 9. d3 e6 10. Nc3 Bd6 11. Nc4 Nbd7 12. a5 O-O 13. Nxd6 Qxd6 14. O-O Rac8 15. b3 Nb8 16. Na4 Nfd7 17. Nb2 Qd4 18. Ra4 Qc3 19. Nc4 Nc6 20. Qd1 Nd4 21. Ra2 Qb4 22. Bd2 Qb5 23. Nd6 Qc6 24. Nxc8 Rxc8 25. Re1 h6 26. h3 Nf6 27. Ra4 Nd5 28. Be3 Nf5 29. Qd2 Rd8 30. Rg4 Kh7 31. Qe2 Nf6 32. Ra4 Nd5 33. Qf3 Nfxe3 34. fxe3 Qd7 35. e4 Nc7 36. Rc4 Qe7 37. Qf2 Nb5 38. Qxc5 Qg5 39. Qxg5 hxg5 40. e5 Rd5 41. Ree4 Kg6 42. g4 Rd7 43. Kf2 Nc7 44. Kf3 Nd5 45. Rc5 Ne7 46. d4 Nc6 47. c3 Ne7 48. b4 Nc6 49. Ke3 Ne7 50. Kd3 Nc6 51. Kc2 Ne7 52. Kb3 Nd5 53. c4 Nf4 54. h4 Nd3 55. h5+ Kh6 56. Rc8 Nf2 57. Re2 1-0


[Site "https://www.chess.com"]

[Event "Titled Tuesday Blitz July 11 Early 2023"]
[White "Goswami, Vedant"]
[Black "Schwabeneder, Florian"]
[WhiteFideId "5003725"]
[BlackFideId "1626191"]
[WhiteElo "2379"]
[BlackElo "2653"]
[Result "0-1"]
[Round "2"]
[TimeControl "180+2"]
[Date "2023.07.11"]
[WhiteClock "0:00:02"]
[BlackClock "0:00:07"]
[Board "86"]

1. d4 Nf6 2. Nf3 g6 3. b3 Bg7 4. Bb2 b6 5. Nbd2 Bb7 6. e3 O-O 7. Bc4 c5 8. dxc5 bxc5 9. O-O d6 10. Qe2 Nc6 11. Rad1 Qc7 12. e4 Nd7 13. Bxg7 Kxg7 14. Qe3 a5 15. Qc3+ Nf6 16. Rfe1 e5 17. Nf1 Nd4 18. Qd3 a4 19. c3 Nxf3+ 20. Qxf3 axb3 21. axb3 Rfd8 22. Rd2 Nxe4 23. Rxe4 d5 24. Rh4 dxc4 25. Qe3 h5 26. bxc4 Qe7 27. Rh3 Rxd2 28. Nxd2 Ra1+ 29. Nf1 Ba6 30. Qe4 Qe6 31. Re3 Bxc4 32. Re1 Rxe1 33. Qxe1 Bxf1 34. Qxf1 Qd5 35. c4 Qd4 36. h3 e4 37. Qe2 h4 38. Kh2 f5 39. Kg1 Kf6 40. Qa2 Qd1+ 41. Kh2 Qd6+ 42. Kg1 f4 43. Qe2 Qe6 44. Qb2+ Qe5 45. Qb6+ Kf5 46. Qd8 e3 47. fxe3 fxe3 48. Qc8+ Ke4 49. Qg4+ Kd3 50. Qd1+ Kxc4 51. Qe2+ Kd5 52. g4 Qg3+ 53. Kf1 Qxh3+ 54. Ke1 Qh1+ 55. Qf1 Qxf1+ 0-1


[Site "https://www.chess.com"]

[Event "Titled Tuesday Blitz July 11 Early 2023"]
[White "Nithyalakshmi, Sivanesan"]
[Black "Materia, Marco"]
[WhiteFideId "5706955"]
[BlackFideId "45150451"]
[WhiteElo "2374"]
[BlackElo "2653"]
[Result "0-1"]
[Round "2"]
[TimeControl "180+2"]
[Date "2023.07.11"]
[WhiteClock "0:00:08"]
[BlackClock "0:01:38"]
[Board "87"]

1. e4 c5 2. Nc3 e6 3. f4 d5 4. Nf3 dxe4 5. Nxe4 Be7 6. Bb5+ Bd7 7. Qe2 Qb6 8. Bxd7+ Nxd7 9. d3 Ngf6 10. Be3 O-O 11. O-O Nd5 12. Bd2 c4+ 13. d4 Qxb2 14. Rab1 Qxc2 15. Rfc1 Qxa2 16. Rxb7 N7f6 17. Nxf6+ Bxf6 18. Rxc4 Nxf4 19. Qf1 Nd5 20. Be1 Ne3 0-1


[Site "https://www.chess.com"]

[Event "Titled Tuesday Blitz July 11 Early 2023"]
[White "Vypkhaniuk, Ihor"]
[Black "Jegorovas, Aleksandras"]
[WhiteFideId "14112256"]
[BlackFideId "12801950"]
[WhiteElo "2651"]
[BlackElo "2363"]
[Result "1-0"]
[Round "2"]
[TimeControl "180+2"]
[Date "2023.07.11"]
[WhiteClock "0:02:00"]
[BlackClock "0:02:07"]
[Board "88"]

1. d4 e6 2. Nf3 Nf6 3. g3 b6 4. Bg2 Bb7 5. O-O c5 6. c4 cxd4 7. Qxd4 a6 8. Nc3 d6 9. Bg5 Be7 10. Rfd1 Nbd7 11. Bxf6 Nxf6 12. Ng5 Bxg2 13. Kxg2 Qc7 14. Nge4 Nxe4 15. Nxe4 Rd8 16. Qxg7 Rf8 17. Rac1 Qc6 18. f3 f5 19. Nf2 Rf7 20. Qg8+ Bf8 21. Nd3 Ke7 22. Ne5 1-0


[Site "https://www.chess.com"]

[Event "Titled Tuesday Blitz July 11 Early 2023"]
[White "Rodriguez Santiago, Jaime"]
[Black "Lewtak, Damian"]
[WhiteFideId "3100898"]
[BlackFideId "1141724"]
[WhiteElo "2350"]
[BlackElo "2649"]
[Result "1-0"]
[Round "2"]
[TimeControl "180+2"]
[Date "2023.07.11"]
[WhiteClock "0:00:32"]
[BlackClock "0:00:18"]
[Board "89"]

1. c4 Nf6 2. Nc3 e6 3. e4 d5 4. e5 d4 5. exf6 dxc3 6. bxc3 gxf6 7. d4 e5 8. Nf3 Nc6 9. d5 Ne7 10. Ba3 c6 11. d6 Nf5 12. c5 b6 13. Qa4 Bd7 14. Rd1 Bg7 15. Ba6 O-O 16. Bb7 e4 17. Nd4 Nxd4 18. cxd4 e3 19. Bxa8 exf2+ 20. Kxf2 Qxa8 21. Rhe1 b5 22. Qc2 a5 23. Bb2 Be6 24. Re3 f5 25. Rg3 f6 26. Re1 Qc8 27. Qe2 Bf7 28. Qe7 f4 29. Rf3 Bh6 30. d7 Qd8 31. Qd6 Bd5 32. Rh3 Bg5 33. Re7 h6 34. Bc1 f5 35. Qg6+ 1-0


[Site "https://www.chess.com"]

[Event "Titled Tuesday Blitz July 11 Early 2023"]
[White "Perez Candelario, Manuel"]
[Black "Shapiro, Daniel"]
[WhiteFideId "2210622"]
[BlackFideId "2001780"]
[WhiteElo "2649"]
[BlackElo "2348"]
[Result "1-0"]
[Round "2"]
[TimeControl "180+2"]
[Date "2023.07.11"]
[WhiteClock "0:01:10"]
[BlackClock "0:00:11"]
[Board "90"]

1. e4 e5 2. Nf3 Nc6 3. d4 exd4 4. Nxd4 d6 5. Nc3 Nf6 6. Bf4 Be7 7. Qd2 O-O 8. O-O-O Bd7 9. f3 a6 10. g4 b5 11. Kb1 b4 12. Nxc6 bxc3 13. Nxe7+ Qxe7 14. Qxc3 Nxg4 15. Rg1 Ne5 16. Bc4 Bb5 17. Bb3 a5 18. a4 Bd7 19. Bg5 Qe8 20. Bh6 g6 21. f4 1-0


[Site "https://www.chess.com"]

[Event "Titled Tuesday Blitz July 11 Early 2023"]
[White "Fajdetic, Hrvoje"]
[Black "Katz, Alexander"]
[WhiteFideId "14501945"]
[BlackFideId "2039796"]
[WhiteElo "2337"]
[BlackElo "2642"]
[Result "0-1"]
[Round "2"]
[TimeControl "180+2"]
[Date "2023.07.11"]
[WhiteClock "0:00:06"]
[BlackClock "0:00:20"]
[Board "91"]

1. d4 Nf6 2. Bf4 d6 3. Nc3 g6 4. e4 c6 5. Qd2 b5 6. f3 Nbd7 7. O-O-O b4 8. Nce2 Qa5 9. Kb1 e5 10. Be3 Nb6 11. Nc1 Be6 12. Nb3 Bxb3 13. axb3 Bg7 14. dxe5 dxe5 15. Qd6 Nfd7 16. Qxc6 O-O 17. Qb5 Qxb5 18. Bxb5 Rfd8 19. Nh3 Bf8 20. Rd3 Nc5 21. Bxc5 Bxc5 22. Rhd1 Rxd3 23. Rxd3 Kg7 24. g3 a6 25. Bc6 Ra7 26. f4 exf4 27. gxf4 a5 28. e5 Rc7 29. Bd5 a4 30. bxa4 Nxa4 31. Bb3 Nb6 32. Ng5 h6 33. Nxf7 Rxf7 34. Bxf7 Kxf7 35. c3 bxc3 36. Rxc3 Bd4 37. Rc6 Be3 38. Rf6+ Kg7 39. h3 Nd5 40. Rd6 Nxf4 41. e6 Kf6 42. h4 Nxe6 43. h5 gxh5 44. Kc2 h4 45. Kd3 Bf4 46. Rd7 h3 47. Ke2 h2 48. Rd1 Be5 49. Rh1 Nd4+ 50. Kd3 Nf3 51. b4 Kg5 52. Ke3 Kg4 53. Kf2 h5 54. Kg2 h4 55. b5 h3+ 56. Kf2 Bd4+ 57. Ke2 Kg3 58. Kd3 Bb6 59. Kc4 Kg2 60. Rd1 h1=Q 61. Rxh1 Kxh1 62. Kd5 Kg2 63. Kc6 Bf2 64. b6 Bxb6 65. Kxb6 h2 66. Kc5 h1=Q 0-1


[Site "https://www.chess.com"]

[Event "Titled Tuesday Blitz July 11 Early 2023"]
[White "Arabidze, Meri"]
[Black "Wernberg, Hugo"]
[WhiteFideId "13604040"]
[BlackFideId "1737511"]
[WhiteElo "2642"]
[BlackElo "2326"]
[Result "1-0"]
[Round "2"]
[TimeControl "180+2"]
[Date "2023.07.11"]
[WhiteClock "0:01:58"]
[BlackClock "0:00:00"]
[Board "92"]

1. b3 e5 2. Bb2 Nc6 3. c4 Nf6 4. g3 d5 5. Bg2 d4 6. e3 Bg4 7. f3 Bf5 8. e4 Bg6 9. d3 Bb4+ 10. Nd2 h5 11. a3 Bd6 12. b4 h4 13. c5 Be7 14. Nc4 hxg3 15. hxg3 Rxh1 16. Bxh1 a6 17. Ne2 b5 18. cxb6 cxb6 19. f4 Ng4 20. Bf3 b5 21. Na5 Nxa5 22. Bxg4 Nc6 23. Rc1 Qb6 24. Qc2 Nd8 25. fxe5 Bg5 26. Bxd4 Qb7 27. Nf4 Bxf4 28. gxf4 Rb8 29. f5 1-0


[Site "https://www.chess.com"]

[Event "Titled Tuesday Blitz July 11 Early 2023"]
[White "Lopez Del Alamo, Antonio"]
[Black "Koshulyan, Egor A."]
[WhiteFideId "2227339"]
[BlackFideId "24237000"]
[WhiteElo "2323"]
[BlackElo "2639"]
[Result "0-1"]
[Round "2"]
[TimeControl "180+2"]
[Date "2023.07.11"]
[WhiteClock "0:01:25"]
[BlackClock "0:01:06"]
[Board "93"]

1. e4 c5 2. Nf3 Nc6 3. b4 cxb4 4. d4 d5 5. exd5 Qxd5 6. c4 bxc3 7. Nxc3 Qa5 8. Rb1 e6 9. Bd2 Nf6 10. Nb5 Qd8 11. Bf4 Nd5 12. Qd2 a6 13. Nc3 Bb4 14. Rxb4 Ncxb4 15. Ne4 O-O 16. Be2 Nxf4 17. Qxf4 Nc2+ 18. Kf1 Nxd4 19. Bd3 Nf5 20. Ke2 Nd4+ 21. Nxd4 Qxd4 22. Rd1 f5 23. Bb1 Qb2+ 24. Nd2 Bd7 25. Kf1 Bb5+ 26. Kg1 Rad8 27. h4 Be2 28. Qe5 Qxe5 0-1


[Site "https://www.chess.com"]

[Event "Titled Tuesday Blitz July 11 Early 2023"]
[White "Okike, David"]
[Black "Dronavalli, Harika"]
[WhiteFideId "8500134"]
[BlackFideId "5015197"]
[WhiteElo "2321"]
[BlackElo "2638"]
[Result "0-1"]
[Round "2"]
[TimeControl "180+2"]
[Date "2023.07.11"]
[WhiteClock "0:00:04"]
[BlackClock "0:00:36"]
[Board "94"]

1. e4 g6 2. d4 Bg7 3. Nc3 d6 4. Be3 a6 5. Qd2 b5 6. O-O-O h5 7. f3 Nc6 8. h3 Rb8 9. Nce2 Nf6 10. Kb1 a5 11. d5 Ne5 12. Nd4 Bd7 13. Bd3 Qc8 14. Nge2 Qb7 15. Qxa5 O-O 16. Qb4 Qa6 17. a3 e6 18. Bg5 exd5 19. Bxf6 Bxf6 20. exd5 Rfe8 21. Rhe1 Nc4 22. c3 Ne3 23. Rc1 Nxg2 24. Rg1 Nh4 25. Rg3 Qa4 26. Nc6 Bxc6 27. dxc6 Qxb4 28. axb4 Re3 29. Kc2 Kg7 30. Kd2 Rxf3 31. Rcg1 Re8 32. Nd4 Rf2+ 33. Kd1 Bxd4 34. cxd4 Nf3 35. Bxg6 Nxg1 36. Bxh5+ Kh6 37. Bg4 Ne2 38. Bxe2 Rexe2 39. Rf3 Rxf3 40. Kxe2 Rxh3 0-1


[Site "https://www.chess.com"]

[Event "Titled Tuesday Blitz July 11 Early 2023"]
[White "Suleymanli, Suleyman"]
[Black "Garrido, Denis"]
[WhiteFideId "13416375"]
[BlackFideId "601217"]
[WhiteElo "2637"]
[BlackElo "2316"]
[Result "1-0"]
[Round "2"]
[TimeControl "180+2"]
[Date "2023.07.11"]
[WhiteClock "0:03:03"]
[BlackClock "0:02:46"]
[Board "95"]

1. Nf3 Nf6 2. g3 g6 3. Bg2 Bg7 4. O-O O-O 5. d4 d6 6. c4 Nc6 7. Nc3 e5 8. dxe5 Nxe5 9. Nxe5 dxe5 10. Bg5 c6 11. Qxd8 Rxd8 12. Ne4 1-0


[Site "https://www.chess.com"]

[Event "Titled Tuesday Blitz July 11 Early 2023"]
[White "Iskusnyh, Sergei"]
[Black "Lopez Idarraga, Daniel Eduardo"]
[WhiteFideId "4120027"]
[BlackFideId "4405501"]
[WhiteElo "2635"]
[BlackElo "2314"]
[Result "0-1"]
[Round "2"]
[TimeControl "180+2"]
[Date "2023.07.11"]
[WhiteClock "0:00:00"]
[BlackClock "0:00:39"]
[Board "96"]

1. d4 d5 2. c4 e6 3. Nf3 Nf6 4. g3 Bb4+ 5. Bd2 Be7 6. Bg2 O-O 7. O-O Nbd7 8. Qc2 c6 9. b3 b6 10. Bc3 a5 11. Nbd2 Ba6 12. e4 Rc8 13. Rad1 a4 14. Rfe1 axb3 15. axb3 Qc7 16. Qb1 Qb8 17. e5 Nh5 18. Bb2 g6 19. cxd5 cxd5 20. Nf1 Bb4 21. Re3 Rc6 22. Qa2 Bb5 23. h4 Rc2 24. Qb1 Rfc8 25. N1h2 Qb7 26. Bf1 Qa6 27. Ng4 Bxf1 28. Rxf1 Re2 29. Rxe2 Qxe2 30. Ng5 Rc2 31. Nh6+ Kg7 32. Nhxf7 Rxb2 33. Qc1 Nxg3 34. Nxe6+ Kxf7 35. Ng5+ Kg8 36. Qc8+ Nf8 0-1


[Site "https://www.chess.com"]

[Event "Titled Tuesday Blitz July 11 Early 2023"]
[White "Balint, Vilmos"]
[Black "Djokic, Mihailo"]
[WhiteFideId "718050"]
[BlackFideId "976440"]
[WhiteElo "2279"]
[BlackElo "2631"]
[Result "0-1"]
[Round "2"]
[TimeControl "180+2"]
[Date "2023.07.11"]
[WhiteClock "0:01:26"]
[BlackClock "0:01:03"]
[Board "97"]

1. d4 Nf6 2. Bf4 g6 3. Nc3 d5 4. e3 Bg7 5. Nb5 Na6 6. a4 O-O 7. Be2 c6 8. Na3 Nc7 9. Nf3 c5 10. O-O Ne4 11. c3 b6 12. Nd2 Nd6 13. Bf3 Bb7 14. h3 Rc8 15. a5 cxd4 16. cxd4 bxa5 17. Nc2 Ba6 18. Re1 Bd3 19. Be2 Bxc2 20. Qxc2 Ne6 21. Qa4 Nxf4 22. exf4 Qb6 23. Bg4 Bxd4 24. Rxe7 Bxf2+ 25. Kh1 Qxb2 26. Bxc8 Qxd2 27. Bg4 Ne4 28. Qa2 Ng3+ 29. Kh2 Qxf4 0-1


[Site "https://www.chess.com"]

[Event "Titled Tuesday Blitz July 11 Early 2023"]
[White "Stepanencu, Nicodim-Cosmin"]
[Black "Tsyhanchuk, Stanislav"]
[WhiteFideId "1256220"]
[BlackFideId "13505130"]
[WhiteElo "2631"]
[BlackElo "2264"]
[Result "1-0"]
[Round "2"]
[TimeControl "180+2"]
[Date "2023.07.11"]
[WhiteClock "0:01:15"]
[BlackClock "0:00:13"]
[Board "98"]

1. c4 Nf6 2. Qc2 e6 3. Nf3 d5 4. e3 b6 5. cxd5 exd5 6. Bb5+ Bd7 7. Be2 c5 8. b3 Nc6 9. a3 Bd6 10. Bb2 O-O 11. d3 Re8 12. Nbd2 Ne5 13. Nxe5 Bxe5 14. Bxe5 Rxe5 15. b4 Rc8 16. bxc5 bxc5 17. O-O Bf5 18. Nf3 Re7 19. Qd2 h6 20. h3 Rb7 21. Rfc1 Qb6 22. Bf1 Qb2 23. Qa5 c4 24. dxc4 Ne4 25. Qe1 dxc4 26. Rab1 c3 27. Ba6 Ng5 28. Rxb2 cxb2 29. Rxc8+ 1-0


[Site "https://www.chess.com"]

[Event "Titled Tuesday Blitz July 11 Early 2023"]
[White "Wadsworth, Matthew J"]
[Black "La Villa Rivas, Marlon Javier"]
[WhiteFideId "415804"]
[BlackFideId "3519546"]
[WhiteElo "2627"]
[BlackElo "2226"]
[Result "1-0"]
[Round "2"]
[TimeControl "180+2"]
[Date "2023.07.11"]
[WhiteClock "0:02:18"]
[BlackClock "0:02:11"]
[Board "99"]

1. Nf3 d5 2. g3 Nf6 3. Bg2 c5 4. c4 d4 5. O-O Nc6 6. e3 e5 7. exd4 exd4 8. d3 Be7 9. Bf4 O-O 10. Ne5 Nxe5 11. Bxe5 Bg4 12. Bf3 Bxf3 13. Qxf3 Qb6 14. Bxf6 Bxf6 15. Nd2 Qxb2 16. Ne4 Be5 17. Rfb1 Qa3 18. Rxb7 f5 19. Ng5 Rae8 20. Qd5+ Kh8 21. Nf7+ 1-0


[Site "https://www.chess.com"]

[Event "Titled Tuesday Blitz July 11 Early 2023"]
[White "Peiris, T G M"]
[Black "Skliarov, Viktor"]
[WhiteFideId "9901310"]
[BlackFideId "14106736"]
[WhiteElo "2224"]
[BlackElo "2623"]
[Result "1/2-1/2"]
[Round "2"]
[TimeControl "180+2"]
[Date "2023.07.11"]
[WhiteClock "0:00:10"]
[BlackClock "0:00:08"]
[Board "100"]

1. e4 c5 2. c3 d6 3. d4 Nf6 4. Bd3 g6 5. Nf3 Bg7 6. h3 O-O 7. O-O a6 8. a4 Nc6 9. Be3 cxd4 10. cxd4 Nb4 11. Nc3 Nxd3 12. Qxd3 d5 13. e5 Bf5 14. Qd2 Ne4 15. Nxe4 Bxe4 16. Ng5 e6 17. Nxe4 dxe4 18. Qb4 Qd5 19. Rac1 Rac8 20. a5 h6 21. Qb6 Kh7 22. Bd2 Rfd8 23. Be3 Bf8 24. b4 Qb5 25. Qxb5 axb5 26. Rb1 Rc4 27. Rfc1 Rdc8 28. Rd1 Rxb4 29. d5 Rxb1 30. Rxb1 exd5 31. Rxb5 Rc7 32. Rxd5 Kg8 33. Rd8 Kg7 34. Bd4 Be7 35. e6+ Bf6 36. Rd7 Rc1+ 37. Kh2 Bxd4 38. Rxd4 fxe6 39. Rxe4 Kf6 40. Rb4 Ra1 41. Rxb7 Rxa5 42. Rb3 h5 43. h4 Ra4 44. Kg3 e5 45. f3 Kf5 46. Rb8 1/2-1/2


[Site "https://www.chess.com"]

[Event "Titled Tuesday Blitz July 11 Early 2023"]
[White "SicilianPanzer"]
[Black "NLLO777"]
[WhiteElo "2221"]
[BlackElo "2613"]
[Result "0-1"]
[Round "2"]
[TimeControl "180+2"]
[Date "2023.07.11"]
[WhiteClock "0:00:01"]
[BlackClock "0:00:13"]
[Board "101"]

1. e4 c5 2. Nf3 d6 3. d4 cxd4 4. Nxd4 Nf6 5. Nc3 a6 6. Be3 e5 7. Nb3 Be6 8. Qf3 Be7 9. h3 O-O 10. g4 b5 11. O-O-O b4 12. Nd5 Bxd5 13. exd5 a5 14. g5 Nfd7 15. h4 a4 16. Nd2 Na6 17. Qe4 b3 18. axb3 axb3 19. Nxb3 Qc7 20. Bd3 g6 21. h5 Nac5 22. Nxc5 Nxc5 23. Bxc5 Qxc5 24. hxg6 Ra1+ 25. Kd2 Qxf2+ 26. Kc3 Rc8+ 27. Kb3 Rb8+ 28. Kc3 Qc5+ 29. Kd2 Qf2+ 30. Kc3 Rxd1 31. gxf7+ Kf8 32. Rxd1 Bxg5 33. b4 Qa7 34. Rf1 Qa3+ 35. Kc4 Rxb4# 0-1


[Site "https://www.chess.com"]

[Event "Titled Tuesday Blitz July 11 Early 2023"]
[White "Lisjak, Zlatko"]
[Black "Mogirzan, Matei-Valeriu"]
[WhiteFideId "14502186"]
[BlackFideId "1257455"]
[WhiteElo "2164"]
[BlackElo "2609"]
[Result "0-1"]
[Round "2"]
[TimeControl "180+2"]
[Date "2023.07.11"]
[WhiteClock "0:00:06"]
[BlackClock "0:00:14"]
[Board "102"]

1. d4 Nf6 2. Nc3 d5 3. Bf4 c6 4. e3 e6 5. Nf3 a6 6. Bd3 c5 7. dxc5 Bxc5 8. O-O Nc6 9. e4 d4 10. Ne2 Qe7 11. Ne5 Nh5 12. Nxc6 bxc6 13. Bd2 Nf6 14. a3 O-O 15. b4 Bb6 16. e5 Ng4 17. Bf4 f6 18. exf6 Qxf6 19. Bg3 e5 20. h3 Nh6 21. f4 e4 22. Bc4+ Kh8 23. Kh1 Nf5 24. Bf2 e3 25. Bg1 Nh4 26. g3 Nf5 27. Qe1 Bb7 28. Kh2 c5 29. bxc5 Qc6 30. Nxd4 Qg2# 0-1


[Site "https://www.chess.com"]

[Event "Titled Tuesday Blitz July 11 Early 2023"]
[White "Goldin, Alexander"]
[Black "Sailer, Mike"]
[WhiteFideId "2019540"]
[BlackFideId "2012901"]
[WhiteElo "2609"]
[BlackElo "2139"]
[Result "1-0"]
[Round "2"]
[TimeControl "180+2"]
[Date "2023.07.11"]
[WhiteClock "0:00:28"]
[BlackClock "0:00:00"]
[Board "103"]

1. Nf3 d5 2. g3 Nf6 3. Bg2 Bf5 4. c4 c6 5. Qb3 Qb6 6. d3 e6 7. Be3 Qc7 8. Nc3 Nbd7 9. Rc1 Nc5 10. Bxc5 Bxc5 11. cxd5 exd5 12. O-O Qb6 13. Qc2 Bd6 14. e4 dxe4 15. dxe4 Bg6 16. Qe2 Bb4 17. e5 Ng4 18. Nh4 Nh6 19. Nxg6 hxg6 20. e6 O-O 21. exf7+ Rxf7 22. Ne4 Nf5 23. Rcd1 Raf8 24. Qc4 Kh8 25. Ng5 Rf6 26. Rd7 Bc5 27. Ne4 Bb4 28. Nxf6 gxf6 29. Qg4 1-0


[Site "https://www.chess.com"]

[Event "Titled Tuesday Blitz July 11 Early 2023"]
[White "Mangialardo, Tiago Carvalho"]
[Black "HamedWafa4"]
[WhiteFideId "2130718"]
[WhiteElo "2133"]
[BlackElo "2608"]
[Result "0-1"]
[Round "2"]
[TimeControl "180+2"]
[Date "2023.07.11"]
[WhiteClock "0:00:00"]
[BlackClock "0:01:57"]
[Board "104"]

1. e4 e5 2. Nf3 Nc6 3. Bb5 a6 4. Ba4 Nf6 5. O-O Be7 6. c3 Nxe4 7. Re1 Nc5 8. Bxc6 dxc6 9. Nxe5 Nd3 10. Nxd3 Qxd3 11. Qe2 Qxe2 12. Rxe2 Be6 13. d4 O-O-O 14. Bf4 c5 15. Nd2 cxd4 16. cxd4 Rxd4 17. Be5 Rg4 18. Rc1 c6 19. a3 Rd8 20. Ne4 Rd5 21. f3 Rg6 22. Bf4 h5 23. b4 h4 24. Rec2 h3 25. g4 Bxg4 26. Bg3 Bxf3 27. Nc3 Rd3 0-1


[Site "https://www.chess.com"]

[Event "Titled Tuesday Blitz July 11 Early 2023"]
[White "Al-Tarboush, Ward"]
[Black "Roque Sola, Gisela"]
[WhiteFideId "7601450"]
[BlackFideId "5120241"]
[WhiteElo "2608"]
[BlackElo "2112"]
[Result "0-1"]
[Round "2"]
[TimeControl "180+2"]
[Date "2023.07.11"]
[WhiteClock "0:00:14"]
[BlackClock "0:00:51"]
[Board "105"]

1. e4 e5 2. Nf3 Nc6 3. Bb5 a6 4. Ba4 f5 5. d4 exd4 6. e5 b5 7. Bb3 Bb7 8. O-O Na5 9. Bxg8 Rxg8 10. Nxd4 c5 11. Nxf5 Qb6 12. Nd6+ Bxd6 13. exd6 O-O-O 14. Nc3 Nc4 15. Bg5 Rde8 16. Be7 Qc6 17. f3 g5 18. Ne4 Ne3 19. Qd2 Nxf1 20. Rxf1 g4 21. Qa5 gxf3 22. Rxf3 Kb8 23. Qc7+ Qxc7 24. dxc7+ Kxc7 25. Bd6+ Kc8 26. Nf6 Bxf3 27. Nxe8 Rxe8 28. gxf3 Re2 29. Bxc5 Rxc2 30. Bd4 Kb7 31. f4 Kc6 32. f5 Kd5 33. Bc3 b4 34. Bg7 a5 35. h4 h5 36. Kf1 a4 37. a3 bxa3 38. bxa3 Ra2 39. Bf8 Ke5 40. Ke1 Kxf5 41. Kd1 Kg4 42. Be7 d5 43. Kc1 d4 44. Kb1 Rh2 45. Kc1 d3 46. Kd1 Ra2 47. Kc1 Kf3 48. Kd1 Ke4 49. Bd6 Ke3 50. Bc5+ Ke4 51. Bd6 Kd5 52. Be7 Kc4 53. Kc1 Kb3 54. Kd1 Rxa3 55. Kd2 Ra2+ 56. Kxd3 Rh2 57. Ke3 a3 58. Kf3 a2 59. Bf6 Rh1 60. Ke4 a1=Q 61. Bxa1 Rxa1 62. Kf4 Rg1 63. Kf5 Rg4 0-1


[Site "https://www.chess.com"]

[Event "Titled Tuesday Blitz July 11 Early 2023"]
[White "Sava, Christiansen-Danut-Eugen"]
[Black "Sadykov, Ramil"]
[WhiteFideId "1210114"]
[BlackFideId "24113590"]
[WhiteElo "1988"]
[BlackElo "2604"]
[Result "0-1"]
[Round "2"]
[TimeControl "180+2"]
[Date "2023.07.11"]
[WhiteClock "0:00:37"]
[BlackClock "0:00:28"]
[Board "106"]

1. d4 Nf6 2. c4 e6 3. g3 c5 4. d5 exd5 5. cxd5 d6 6. Nc3 g6 7. Bg2 Bg7 8. Nf3 O-O 9. O-O Re8 10. a4 Ne4 11. Nxe4 Rxe4 12. Nd2 Rb4 13. Qc2 Nd7 14. Nc4 Ne5 15. Nxe5 Bxe5 16. Bd2 Rxb2 17. Qd3 c4 18. Qe3 Rb3 19. Qh6 Bg7 20. Qf4 Bxa1 21. Rxa1 Bf5 22. Qxc4 Rb1+ 23. Rxb1 Bxb1 24. Bh6 Rc8 25. Qd4 f6 26. h4 a6 27. h5 Qe7 28. hxg6 hxg6 29. Qg4 Bf5 30. Qf3 Rc4 31. Qb3 Rc7 32. Qb2 Rc2 33. Qb6 Rxe2 34. Bf3 Re1+ 35. Kg2 Be4 36. Be3 Bxf3+ 37. Kxf3 Ra1 38. a5 Ra4 39. Qb1 f5 40. Qb3 Qe4+ 41. Ke2 Qc4+ 42. Qxc4 Rxc4 43. Kd3 Ra4 44. Bb6 Kf7 45. Ke3 g5 46. Kd3 Kg6 47. Ke3 Kh5 48. f3 Ra3+ 49. Kf2 Rd3 50. Ke2 Rxd5 51. Ke3 Rb5 52. Bc7 Rb3+ 53. Ke2 d5 54. Bb6 f4 55. g4+ Kh4 56. Bf2+ Kh3 57. Be1 Kg2 58. Bd2 d4 59. Bxf4 gxf4 60. g5 Rxf3 61. g6 Rg3 62. g7 Rxg7 63. Kd3 Rg5 64. Kxd4 Rxa5 65. Ke4 f3 66. Kf4 f2 67. Ke3 f1=Q 68. Kd2 Qf3 69. Kc2 Ra2+ 70. Kc1 Re2 71. Kb1 Qf1# 0-1


[Site "https://www.chess.com"]